Unix NetHack Version 5.0.0-0 post-release - last build Jun 10 2026 00:39:30 (3ee93aec679c4c4259841fe613dc97188e26a321,branch:main).

Game began 2026-06-24 00:30:20, ended 2026-06-25 21:43:15.

Felix1, neutral male gnomish Wizard

                      ---------------
                      |..............
                      -.............|
                      |[.............
                      |.............|
                      -------|-------
                             #
                            ##
                            #
                            #
                           -|----                 ---------------
                           |....|   ###     ######-.............|
                           |..@.|    #-------#    |.....)....<...############
                           |..Z.-#####.......##   .).[..........|####   ----|-
                           ------     |.....|     ---------------#  ####|....|
                                      |.....|####%################     #.[..+|
                                      |.....|#                          |(.>.|
                                      -------#                          ------

Felix1 the Conjurer       St:11 Dx:13 Co:12 In:19 Wi:9 Ch:11  Neutral
Dlvl:5  $:207 HP:0(38) Pw:3(43) AC:9  Xp:5 T:2058 

Latest messages:
 Boing!
 In what direction? 6
 The spell hits the wererat!
 You kill the wererat!
 You see here 10 rusty arrows.
 O - a wand of striking.
 P - a white gem.
 You see here 10 rusty arrows.
 You see here 10 rusty arrows.
 You see here 3 crude daggers.
 The giant bat bites!
 The gecko bites!
 The giant bat bites!
 The giant bat bites!
 In what direction? a
 The magical energy is released!
 The giant bat bites!
 The giant bat bites!
 In what direction? 8
 The spell hits the giant bat!
 You kill the giant bat!
 In what direction? 8
 The spell misses the homunculus.
 You miss the gecko.
 The gecko bites!
 You hit the gecko.
 In what direction? 8
 The spell hits the gecko!
 You kill the gecko!
 The spell hits the homunculus!
 You kill the homunculus!
 You hit the human zombie!
 The human zombie hits!
 You miss the human zombie.
 The human zombie hits!
 You hit the human zombie!
 The human zombie hits!
 You destroy the human zombie!
 The human zombie hits!
 You hit the human zombie!
 The human zombie hits!
 You hit the human zombie!
 The human zombie hits!
 You don't have enough energy to cast that spell.
 You miss the human zombie.
 You hit the human zombie!
 The human zombie hits!
 The human zombie hits!
 You die...
 Do you want your possessions identified? [ynq] (y) q

Inventory:
 Coins    ('$')
  $ - 207 gold pieces
 Amulets  ('"')
  y - a cursed amulet of guarding
  M - an uncursed amulet of magical breathing
 Weapons  (')')
  a - a blessed +1 quarterstaff (weapon in hands)
 Armor    ('[')
  b - an uncursed +0 cloak of magic resistance (being worn)
 Comestibles  ('%')
  r - 2 uncursed lembas wafers
  x - an uncursed pear
  o - an uncursed egg
 Scrolls  ('?')
  t - an uncursed scroll of blank paper
  E - 3 cursed scrolls of blank paper
  C - 2 cursed scrolls of confuse monster
  k - an uncursed scroll of create monster
  B - a cursed scroll of earth
  A - a cursed scroll of enchant weapon
  z - 2 cursed scrolls of fire
  p - an uncursed scroll of magic mapping
  D - a cursed scroll of magic mapping
  i - a blessed scroll of scare monster
  u - 3 cursed scrolls of teleportation
 Spellbooks  ('+')
  m - an uncursed spellbook of cure blindness
  l - a blessed spellbook of force bolt
  w - an uncursed spellbook of stone to flesh
 Potions  ('!')
  v - a blessed potion of extra healing
  f - an uncursed potion of extra healing
  s - an uncursed potion of healing
  h - an uncursed potion of see invisible
  g - an uncursed potion of speed
 Rings    ('=')
  N - an uncursed ring of cold resistance
  e - an uncursed ring of polymorph control
  d - an uncursed ring of teleport control
 Wands    ('/')
  G - a cursed wand of create monster (0:14)
  H - a cursed wand of fire (0:7)
  J - a cursed wand of light (0:13)
  I - a wand of locking (0:6)
  c - a wand of opening (0:5)
  O - a blessed wand of striking (0:4)
  F - a cursed wand of striking (0:5)
 Tools    ('(')
  K - a cursed wooden flute
  n - a magic marker (0:21)
  L - a cursed magic marker (0:22)
  q - a cursed skeleton key
 Gems/Stones  ('*')
  P - an uncursed worthless piece of white glass

Felix1 the Wizard's attributes:

Background:
 You were a Conjurer, a level 5 male gnomish Wizard.
 You were neutral, on a mission for Thoth
 who was opposed by Ptah (lawful) and Anhur (chaotic).
 You were right-handed.
 You were in the Dungeons of Doom, on level 5.
 You entered the dungeon 2058 turns ago.
 You had 288 experience points, 32 more were needed to attain level 6.

Basics:
 You had 0 out of 38 hit points.
 You had 3 out of 43 energy points (spell power).
 Your armor class was 9.
 Your wallet contained 207 zorkmids.
 Autopickup was off.

Final Characteristics:
 Your strength was 11 (limit:18/50).
 Your dexterity was 13 (limit:18).
 Your constitution was 12 (limit:18).
 Your intelligence was 19 (limit:19).
 Your wisdom was 9 (limit:18).
 Your charisma was 11 (limit:18).

Final Status:
 You weren't hungry.
 You were unencumbered.
 You were wielding a quarterstaff.
 You had basic skill with quarterstaff.

Final Attributes:
 You were piously aligned.
 You were magic-protected.
 You were cold resistant.
 You had infravision.
 You were warded.
 You are dead.

Miscellaneous:
 You encountered 2 bones levels.
 Total elapsed playing time was 58 minutes and 30 seconds.

Major events:
 Turn
    1: Felix1 the neutral male gnomish Wizard entered the dungeon
  515: entered the Gnomish Mines
 1016: attained the rank of Conjurer (level 3)
 2058: killed by a human zombie

Spells:
 Name                 Level Category     Fail Retention
 force bolt             1   attack         0%   81%-90%
 cure blindness         2   healing       35%  76%-100%

Skills:
 Fighting Skills
   bare handed combat [Unskilled]
   riding             [Unskilled]
 Weapon Skills
   dagger             [Unskilled]
   knife              [Unskilled]
   axe                [Unskilled]
   short sword        [Unskilled]
   club               [Unskilled]
   mace               [Unskilled]
   quarterstaff       [Basic]
   polearms           [Unskilled]
   spear              [Unskilled]
   trident            [Unskilled]
   sling              [Unskilled]
   dart               [Unskilled]
   shuriken           [Unskilled]
 Spellcasting Skills
   attack spells      [Basic]
   healing spells     [Unskilled]
   divination spells  [Unskilled]
   enchantment spells [Basic]
   clerical spells    [Unskilled]
   escape spells      [Unskilled]
   matter spells      [Unskilled]

Voluntary challenges:
 Character rerolling was not enabled.
 You never genocided any monsters.
 You never polymorphed an object.
 You never changed form.
 You used no wishes.
Achievements:
 You entered the Gnomish Mines.
 You attained the rank of Conjurer.
 You entered a shop.

 The Dungeons of Doom: levels 1 to 5
    Level 1:
       A sink.
    Level 2:
       Stairs down to The Gnomish Mines.
    Level 3:
    Level 4:
       A potion shop, an altar to Thoth.
       Final resting place for
          needler-Tou-Hum-Mal-Neu, killed by a giant ant.
    Level 5: <- You were here.
       An altar.
       Final resting place for
          you, killed by a human zombie,
          scottie2hottie-Wiz-Elf-Mal-Cha, poisoned by a rotted Uruk-hai corpse, while praying.
 The Gnomish Mines:
    Level 3:


Vanquished creatures:
  a ghost
  a human zombie
  a rock piercer
  a pony
  a giant ant
  a little dog
  a homunculus
  4 hill orcs
  2 rabid rats
  a giant bat
  a wererat
 an acid blob
  6 giant rats
  a cave spider
  2 brown molds
  a gnome zombie
  3 geckos
  5 jackals
  a kobold
  2 goblins
  2 sewer rats
  2 grid bugs
  a bat
  2 lichens
  3 newts
47 creatures vanquished.

No species were genocided or became extinct.

Game over:
                       ----------
                      /          \
                     /    REST    \
                    /      IN      \
                   /     PEACE      \
                  /                  \
                  |      Felix1      |
                  |      207 Au      |
                  |   killed by a    |
                  |   human zombie   |
                  |                  |
                  |                  |
                  |       2026       |
                 *|     *  *  *      | *
        _________)/\\_//(\/(/\)/\//\/|_)_______

Goodbye Felix1 the Wizard...

You died in The Dungeons of Doom on dungeon level 5 with 1539 points,
and 207 pieces of gold, after 2058 moves.
You were level 5 with a maximum of 38 hit points when you died.

